 Dungeon Crawl Stone Soup version 0.23.0-3-gf3c87f2 (webtiles) character file.

Game seed: 8744602599451571461

1559 xccam the Cleaver (level 9, -3/102 HPs)
             Began as a Formicid Gladiator on Feb 20, 2019.
             Was a Priest of Uskayaw.
             Slain by an orc warrior
             ... wielding a +0 dire flail
              (7 damage)
             ... on level 7 of the Dungeon.
             The game lasted 00:17:35 (5093 turns).

xccam the Cleaver (Formicid Gladiator)              Turns: 5093, Time: 00:17:36

Health: -3/102     AC: 24    Str: 27    XL:     9   Next: 12%
Magic:  8/11       EV:  2    Int:  8    God:    Uskayaw [***...]
Gold:   206        SH:  0    Dex: 17    Spells: 8/8 levels left

rFire    . . .     SeeInvis .   a - +1 war axe
rCold    . . .     Gourm    .   (no shield)
rNeg     + + +     Faith    .   (armour currently unavailable)
rPois    +         Spirit   .   (helmet unavailable)
rElec    .         Reflect  .   (cloak currently unavailable)
rCorr    +         Harm     .   (gloves currently unavailable)
MR       +....                  (boots currently unavailable)
Stlth    +++.......             (no amulet)
HPRegen  0.27/turn              e - ring of resist corrosion
MPRegen  0.12/turn              q - ring of protection from magic

@: mighty, agile, tree-form
A: permanent stasis, dig shafts and tunnels, four strong arms
a: Stomp, Line Pass, Renounce Religion


You were on level 7 of the Dungeon.
You worshipped Uskayaw.
Uskayaw was noncommittal.
You were very hungry.
You were a tree.
You visited 2 branches of the dungeon, and saw 8 of its levels.

You collected 206 gold pieces.

Inventory:

Hand Weapons
 a - a +1 war axe (weapon)
Armour
 c - a +0 pair of gloves (melded)
 l - a +1 pair of boots (melded)
 o - a +0 chain mail (melded)
Jewellery
 e - a ring of resist corrosion (left branch)
 q - a ring of protection from magic (right branch)
Wands
 z - a wand of polymorph (8)
Scrolls
 b - 2 scrolls of enchant weapon
 j - 2 scrolls of remove curse
 w - a scroll of teleportation {unknown}
 y - a scroll of fear {unknown}
Potions
 f - 2 potions of might
 n - 2 potions of agility
 p - a potion of lignification
 s - a potion of brilliance
 v - 3 potions of degeneration {unknown}
Comestibles
 d - 12 rations


   Skills:
 + Level 5.5 Fighting
 * Level 8.7 Axes
 - Level 2.0 Throwing
 + Level 4.9 Armour
 - Level 2.6 Dodging
 + Level 2.9 Invocations


You had 8 spell levels left.
You didn't know any spells.
Your spell library was empty.

Dungeon Overview and Level Annotations

Branches:
Dungeon (7/15)             Temple (1/1) D:5

Altars:
Ashenzari
Dithmenos
Elyvilon
Fedhas
Gozag
Hepliaklqana
Kikubaaqudgha
Makhleb
Nemelex Xobeh
Okawaru
Qazlal
Ru
Sif Muna
Trog
Uskayaw
Vehumet
Wu Jian
Xom
Yredelemnul
Zin
The Shining One


Innate Abilities, Weirdness & Mutations

You cannot be hasted, slowed, berserked, paralysed or teleported.
You can dig through walls and to a lower floor.
Your four strong arms can wield two-handed weapons with a shield.
((You have a pair of large antennae on your head. (SInv)))


Message History

Your +0 chain mail melds into your body.
Your roots penetrate the ground.
The orc warrior hits you but does no damage.
The orc wizard hits you but does no damage.
The orc warrior hits you but does no damage.
The orc hits you but does no damage. The orc barely misses you.
Unknown command.
You slash the orc warrior!
You kill the orc warrior!
You barely miss the orc warrior. You slash the orc!
You kill the orc!
You slash the orc wizard!
You kill the orc wizard!
You completely miss the orc.
The orc warrior hits you but does no damage.
The orc hits you but does no damage.
Uskayaw will force your foes to helplessly watch your dance.
You barely miss the orc warrior. You barely miss the orc.
The orc warrior hits you with a +0 dire flail!
You die...

,,,,,,,******+***,,,*#####'#*****
*****#.....#,,***,,,*.......,,,,,
#.....#,,,*,,,,+.......,,,,,
#.....#,,,*,{,,*.o.....,,,,,
#.....#,,,*{{,,*.......,,,,,
######.....##########.......,,,,,
#....##...........[.........,,***
......#........)o)..........,,*,,
.....<'........<♣)..........,,*,,
......#.........)o.>........,,+,,
#.##..#.....................,,***
#'##..#######........#######***,,
.......# #.....>..# *,,,,+,,
.......# #........# *,,,,*,,
.......# #........# *,,,,*,,
.......# #........# *,,,,*,,
.......# *,,,,,,,,* *,,,,*,,


You could see an orc warrior and an orc.

Vanquished Creatures
  A black bear (D:6)
  An ice beast (D:6)
  An orc warrior (D:7)
  A sky beast (D:6)
  2 ogres
  2 bullfrogs (D:6)
  A water moccasin skeleton (D:5)
  4 howler monkeys
  3 crimson imps (D:6)
  A bullfrog zombie (D:5)
  2 hounds
  2 orc priests (D:4)
  A centaur skeleton (D:4)
  4 orc wizards
  Terence (D:2)
  A worker ant (D:4)
  2 worker ant zombies
  A gnoll (D:1)
  8 adders
  An ooze (D:1)
  An adder skeleton (D:6)
  A worm (D:3)
  12 dart slugs
  A leopard gecko (D:6)
  13 orcs
  4 ball pythons
  6 bats
  5 giant cockroaches
  4 goblins
  9 hobgoblins
  12 jackals
  3 quokkas
  9 frilled lizards
  9 kobolds
  8 rats
137 creatures vanquished.

Vanquished Creatures (others)
  A dart slug (D:3)
  A kobold (D:3)
2 creatures vanquished.

Grand Total: 139 creatures vanquished

Notes
Turn   | Place    | Note
-------+----------+-------------------------------------------
     0 | D:1      | xccam the Formicid Gladiator began the quest for the Orb.
     0 | D:1      | Reached XP level 1. HP: 16/16 MP: 1/1
   106 | D:1      | Reached XP level 2. HP: 19/22 MP: 2/2
   277 | D:1      | Reached skill level 4 in Axes
   277 | D:1      | Reached XP level 3. HP: 27/27 MP: 3/3
   811 | D:2      | Reached XP level 4. HP: 21/33 MP: 4/4
   870 | D:2      | Noticed Terence
   893 | D:2      | Killed Terence
   893 | D:2      | Reached skill level 5 in Axes
  1568 | D:2      | Reached XP level 5. HP: 35/38 MP: 5/5
  2075 | D:3      | Found a faded altar of an unknown god.
  2077 | D:3      | Found an ornate altar of the Wu Jian Council.
  2156 | D:3      | Found a basalt altar of Yredelemnul.
  2166 | D:3      | Found a shattered altar of Ashenzari.
  2172 | D:3      | Reached skill level 6 in Axes
  2207 | D:3      | Found a shadowy altar of Dithmenos.
  2207 | D:3      | Found a shattered altar of Ashenzari.
  2207 | D:3      | Found an opulent altar of Gozag.
  2207 | D:3      | Found a blossoming altar of Fedhas.
  2208 | D:3      | Found a glowing silver altar of Zin.
  2209 | D:3      | Found a bloodstained altar of Trog.
  2210 | D:3      | Found a sacrificial altar of Ru.
  2212 | D:3      | Found a radiant altar of Vehumet.
  2294 | D:3      | Reached XP level 6. HP: 16/45 MP: 6/6
  2817 | D:4      | Reached skill level 1 in Armour
  3018 | D:4      | Reached XP level 7. HP: 42/52 MP: 7/7
  3695 | D:5      | Entered Level 5 of the Dungeon
  3750 | D:5      | Reached skill level 7 in Axes
  3817 | D:5      | Found a staircase to the Ecumenical Temple.
  3822 | Temple   | Entered the Ecumenical Temple
  3853 | Temple   | Became a worshipper of Uskayaw the Reveler
  4231 | D:6      | Reached * piety under Uskayaw
  4243 | D:6      | Reached XP level 8. HP: 46/60 MP: 8/8
  4330 | D:6      | Reached ** piety under Uskayaw
  4378 | D:6      | Reached *** piety under Uskayaw
  4449 | D:6      | Reached skill level 8 in Axes
  4449 | D:6      | Reached skill level 1 in Invocations
  4475 | D:6      | Reached skill level 5 in Fighting
  4536 | D:6      | Found a glowing golden altar of the Shining One.
  5070 | D:7      | Reached XP level 9. HP: 52/68 MP: 10/10
  5090 | D:7      | HP: 2/68 [orc warrior/+0 hand axe (9)]
  5093 | D:7      | Slain by an orc warrior

Skill      XL: |  1  2  3  4  5  6  7  8 |
---------------+-------------------------+-----
Axes           | 4 5 6 7 8 |  8.7
Armour         | 2 3 4 |  4.9
Fighting       | 3 4 5 |  5.5
Invocations    | 2 |  2.9
Throwing       | |  2.0
Dodging        | |  2.6

Action                   |  1- 3 |  4- 6 |  7- 9 || total
-------------------------+-------+-------+-------++-------
Melee: War axe           |    94 |   162 |   189 ||   445
Invok: Line Pass         |       |       |     1 ||     1
 Abil: Dig               |       |       |     1 ||     1
  Use: Potion            |       |     1 |     6 ||     7
       Scroll            |       |     1 |    12 ||    13
 Stab: Sleeping          |     1 |       |       ||     1
       Paralysed         |       |       |     1 ||     1
  Eat: Chunk             |       |     7 |     6 ||    13
Armor: Leather armour    |    42 |       |       ||    42
       Ring mail         |     5 |    21 |       ||    26
       Chain mail        |       |    53 |   116 ||   169
       Skin              |       |       |     6 ||     6
Dodge: Dodged            |    87 |    86 |    75 ||   248
